 Dungeon Crawl Stone Soup version 0.27-a0-1217-g8a41f320e8 (webtiles) character file.

Game seed: 8528507194165455233

3454 lightspider the Fighter (level 10, -7/91 HPs)
             Began as a Hill Orc Fighter on June 6, 2021.
             Was a Follower of Beogh.
             Mangled by a boulder beetle (10 damage)
             ... on level 8 of the Dungeon.
             The game lasted 00:27:52 (8485 turns).

lightspider the Fighter (Hill Orc Fighter)          Turns: 8485, Time: 00:27:53

Health: -7/91      AC: 18    Str: 23    XL:     10   Next: 6%
Magic:  10/10      EV:  9    Int:  8    God:    Beogh [*.....]
Gold:   555        SH:  9    Dex: 13    Spells: 9/9 levels left

rFire    x . .     SeeInvis +   a - +3 long sword (flame)
rCold    + + .     Faith    .   c - +0 kite shield
rNeg     . . .     Spirit   .   u - +0 ice dragon scales
rPois    +         Reflect  .   (no helmet)
rElec    .         Harm     .   h - +1 cloak
rCorr    .         Rampage  .   I - +2 pair of gloves
Will     .....                  (no boots)
Stlth    ..........             d - amulet of the acrobat
HPRegen  0.25/turn              f - ring "Padoif" {rPois Dex+3 SInv Stlth-}
MPRegen  0.12/turn              (no ring)

@: mighty
A: no striking features
a: Renounce Religion


You were on level 8 of the Dungeon.
You worshipped Beogh.
Beogh was aware of your devotion.
You visited 1 branch of the dungeon, and saw 8 of its levels.
You also visited: Ossuary.

You collected 1020 gold pieces.
You spent 465 gold pieces at shops.

Inventory:

Hand Weapons
 a - a +3 long sword of flaming (weapon)
 x - the +10 flail "Fymmui" {pain, Will+}
   (You found it on level 6 of the Dungeon)

   In the hands of one skilled in necromantic magic, it inflicts extra damage on
   living creatures.
   It increases your willpower.
Missiles
 y - 3 atropa-tipped darts (quivered)
Armour
 b - a +0 scale mail
 c - a +0 kite shield (worn)
 e - the +0 scale mail of the Bulwark {Rampage Will+++ Int-2 SInv}
   (You bought it in a shop on level 2 of the Dungeon)

   It affects your intelligence (-2).
   It lets you see invisible.
   It bestows one free step when moving towards enemies.
   It greatly increases your willpower.
 h - a +1 cloak (worn)
 i - a +0 pair of gloves
 u - +0 ice dragon scales (worn)
 D - a +0 plate armour
 I - a +2 pair of gloves (worn)
Jewellery
 d - an amulet of the acrobat (around neck)
 f - the ring "Padoif" (left hand) {rPois Dex+3 SInv Stlth-}
   (You bought it in a shop on level 2 of the Dungeon)

   [ring of see invisible]

   It affects your dexterity (+3).
   It protects you from poison.
   It lets you see invisible.
   It makes you less stealthy.
 o - a ring of ice
Wands
 v - a wand of acid (3)
 A - a wand of flame (14)
 B - a wand of polymorph (7)
 C - a wand of mindburst (10)
 E - a wand of iceblast (4)
Scrolls
 j - 3 scrolls of noise
 t - 4 scrolls of teleportation
 F - 2 scrolls of identify
 G - a scroll of enchant armour
 H - a scroll of enchant weapon
Potions
 g - 2 potions of invisibility
 k - a potion of degeneration {unknown}
 l - 6 potions of curing
 m - a potion of berserk rage {unknown}
 n - 2 potions of magic
 p - 5 potions of haste
 q - a potion of might
 r - a potion of heal wounds {unknown}
 s - 2 potions of attraction {unknown}
 w - a potion of flight {unknown}
 z - a potion of brilliance {unknown}


   Skills:
 + Level 9.1 Fighting
 + Level 8.0 Long Blades
 + Level 8.4 Armour
 + Level 5.5 Dodging
 - Level 3.4 Shields


You had 9 spell levels left.
You didn't know any spells.
Your spell library contained the following spells:

 Spells                   Type           Power      Damage    Failure   Level
 Animate Skeleton         Necr           0%         N/A       99%         1
 Apportation              Tloc           0%         N/A       99%         1
 Beastly Appendage        Tmut           0%         N/A       99%         1
 Corona                   Hex            0%         N/A       99%         1
 Magic Dart               Conj           0%         1d3       99%         1
 Summon Small Mammal      Summ           0%         N/A       99%         1
 Call Imp                 Summ           0%         N/A       100%        2
 Searing Ray              Conj           0%         3d3       100%        2
 Wereblood                Tmut           0%         N/A       100%        2
 Call Canine Familiar     Summ           0%         N/A       100%        3
 Dazzling Flash           Conj/Hex       0%         N/A       100%        3
 Spider Form              Tmut/Pois      0%         N/A       100%        3
 Summon Guardian Golem    Hex/Summ       0%         N/A       100%        3
 Fulminant Prism          Conj/Hex       0%         3d6       100%        4
 Ice Form                 Ice/Tmut       0%         N/A       100%        4
 Iskenderun's Mystic Bla  Conj/Tloc      0%         2d3       100%        4
 Summon Ice Beast         Ice/Summ       0%         N/A       100%        4
 Summon Lightning Spire   Summ/Air       0%         N/A       100%        4
 Hydra Form               Tmut           0%         N/A       100%        5


Dungeon Overview and Level Annotations

Branches:
Dungeon (8/15)             Temple (0/1) D:7         Ossuary (visited)
   Lair: D:8-11

Altars:
Cheibriados
Dithmenos
Kikubaaqudgha
The Shining One

Shops:
D:2 *   D:3 ?   D:7 :


Message History

The boulder beetle is heavily wounded.
You slash the boulder beetle! You burn the boulder beetle.
The boulder beetle is severely wounded.
You block the boulder beetle's attack.
You hit the boulder beetle but do no damage.
The boulder beetle is severely wounded.
The boulder beetle bites you but does no damage.
You hit the boulder beetle but do no damage.
The boulder beetle is severely wounded.
The boulder beetle bites you.
Your ice dragon scales prevents you from hitting the boulder beetle.
The boulder beetle is severely wounded.
You hit the boulder beetle but do no damage.
The boulder beetle is severely wounded.
The boulder beetle bites you!
You hit the boulder beetle. You burn the boulder beetle.
The boulder beetle is severely wounded.
You block the boulder beetle's attack.
You hit the boulder beetle. You burn the boulder beetle.
The boulder beetle is almost dead.
The boulder beetle leaps!
The boulder beetle curls into a ball and begins rolling!
Your extra speed is starting to run out.
You hit the boulder beetle. You burn the boulder beetle.
The boulder beetle is severely wounded.
The boulder beetle hits you!!
* * * LOW HITPOINT WARNING * * *
The boulder beetle stops rolling and uncurls.
You hit the boulder beetle but do no damage.
The boulder beetle is severely wounded.
The boulder beetle bites you!!
* * * LOW HITPOINT WARNING * * *
Okay, then.
Okay, then.
Okay, then.
Okay, then.
It was a potion of magic.
Magic courses through your body.
You feel yourself slow down. The boulder beetle bites you!
You die...

#.##...# #o# #.##...####
#°# #.........# #°#
#.........####B#
#............#.#
#.##...#.#○.)).#
#.##...#.#B...###########
#.##...#B#.###.##........
#<###.##@.## ##.#.####...
#.# #.##### ########...
#†# ..# #..... #.# .##
###... #.# #... #.##.#
###. #.##.# #. #.##.# ###
## #.##.# ...


You could see a boulder beetle.

Vanquished Creatures
  Pikel (D:7)
  2 water moccasins
  3 ice beasts (D:7)
  An orc warrior (D:7)
  3 sky beasts
  3 black bears
  3 necrophages (D:6)
  A centaur (D:4)
  2 ogres
  A phantom (D:5)
  2 scorpions
  2 bullfrogs
  3 water moccasin zombies (Ossuary)
  A water moccasin skeleton (D:5)
  2 vampire bats (D:5)
  2 centaur skeletons
  3 hounds
  Ijyb (D:3)
  4 iguanas
  2 orc wizards
  A killer bee zombie (D:7)
  A hound skeleton (D:4)
  2 mummies (Ossuary)
  2 howler monkey zombies
  10 adders
  11 gnolls
  A howler monkey skeleton (D:7)
  A white imp (D:5)
  2 adder zombies (Ossuary)
  A worm (D:4)
  3 dart slugs
  31 orcs
  9 bats
  3 bat skeletons (D:5)
  A bat zombie (D:5)
  3 endoplasms
  4 giant cockroaches
  A gnoll zombie (Ossuary)
  5 hobgoblins
  16 jackals
  9 kobolds
  2 quokkas
  11 ball pythons
  5 frilled lizards
  3 goblins
  6 hobgoblin zombies (Ossuary)
  4 kobold zombies (Ossuary)
  2 orc zombies (Ossuary)
  11 rats
  2 bushes (D:2)
205 creatures vanquished.

Vanquished Creatures (others)
  A hound (D:4)
  2 orcs (D:4)
  11 plants
14 creatures vanquished.

Grand Total: 219 creatures vanquished

Notes
Turn   | Place    | Note
-------+----------+-------------------------------------------
     0 | D:1      | lightspider the Hill Orc Fighter began the quest for the
                  | Orb.
     0 | D:1      | Reached XP level 1. HP: 19/19 MP: 1/1
    70 | D:1      | Reached XP level 2. HP: 21/27 MP: 2/2
   175 | D:1      | You fall into a shaft and drop 1 floor!
   568 | D:1      | Found a faded altar of an unknown god.
   607 | D:1      | Reached XP level 3. HP: 33/33 MP: 3/3
   845 | D:1      | Reached skill level 4 in Fighting
   980 | D:2      | Reached skill level 1 in Dodging
   980 | D:2      | Reached XP level 4. HP: 31/40 MP: 4/4
  1418 | D:2      | Found Odain's Assorted Antiques.
  1426 | D:2      | Bought a scroll labelled ARAAN SOICHAQ for 31 gold pieces
  1455 | D:2      | Identified a scroll of acquirement
  1455 | D:2      | Acquired 607 gold pieces
  1457 | D:2      | Bought a smoking scale mail for 279 gold pieces
  1457 | D:2      | Identified the +0 scale mail of the Bulwark {Rampage
                  | Will+++ Int-2 SInv} (You bought it in a shop on level 2 of
                  | the Dungeon)
  1457 | D:2      | Bought an ancient wooden ring for 155 gold pieces
  1457 | D:2      | Identified the ring "Padoif" {rPois Dex+3 SInv Stlth-} (You
                  | bought it in a shop on level 2 of the Dungeon)
  1886 | D:3      | Reached XP level 5. HP: 42/47 MP: 5/5
  2479 | D:3      | Found Cithrihec's Magic Scroll Shoppe.
  2481 | D:3      | Noticed Ijyb
  2488 | D:3      | Found a glowing golden altar of the Shining One.
  2507 | D:3      | Killed Ijyb
  2508 | D:3      | Reached skill level 5 in Fighting
  2508 | D:3      | Reached XP level 6. HP: 21/56 MP: 6/6
  3072 | D:4      | Found a sand-covered staircase.
  3078 | Ossuary  | Entered an ossuary
  3281 | Ossuary  | Reached skill level 5 in Armour
  3324 | Ossuary  | Reached XP level 7. HP: 37/61 MP: 7/7
  3876 | D:4      | Became a worshipper of Beogh the Brigand
  4258 | D:5      | Entered Level 5 of the Dungeon
  4342 | D:5      | Reached skill level 6 in Fighting
  4345 | D:5      | Reached skill level 5 in Long Blades
  4375 | D:5      | Reached XP level 8. HP: 62/71 MP: 8/8
  4684 | D:5      | Found a snail-covered altar of Cheibriados.
  5012 | D:5      | Reached skill level 7 in Fighting
  5103 | D:5      | Found an ancient bone altar of Kikubaaqudgha.
  5223 | D:5      | Reached * piety under Beogh
  5907 | D:6      | Reached XP level 9. HP: 79/79 MP: 9/9
  6297 | D:6      | Identified the +10 flail "Fymmui" {pain, Will+}
  6755 | D:7      | Noticed Pikel
  6778 | D:7      | Killed Pikel
  6779 | D:7      | Reached skill level 8 in Fighting
  6865 | D:7      | Found a staircase to the Ecumenical Temple.
  6968 | D:7      | Found Wuoxisk's Book Emporium.
  7002 | D:7      | Reached skill level 5 in Dodging
  7472 | D:7      | Found a shadowy altar of Dithmenos.
  7501 | D:7      | Reached skill level 9 in Fighting
  7580 | D:7      | Reached XP level 10. HP: 84/91 MP: 10/10
  7830 | D:8      | Noticed a cyclops
  8415 | D:8      | Noticed a boulder beetle
  8484 | D:8      | HP: 3/91 [boulder beetle (18)]
  8485 | D:8      | Mangled by a boulder beetle

Illustrated notes

Levels and vault maps discovered:
D:1:      grunt_arrival_crossed_arrows, layout_basic,
          shapermc_ecumenical_altar_mp_urbaneastern
D:2:      layout_rooms, serial_shops, shop, lexackson_kobold_supper
D:3:      layout_basic, tso_metal_star, serial_shops, shop,
          minmay_joined_circles, uniq_ijyb
D:4:      layout_loops_ring, nicolae_ossuary_entry_plus
D:5:      layout_cave_pods, kennysheep_slug_shrine, kennysheep_vampire_church,
          chequers_garden, saegor_snake_ambush
D:6:      layout_gridville
D:7:      layout_gridville, marbit_many_paths,
          minmay_temple_entry_statues_fountains, serial_shops, shop_coins,
          uniq_pikel
D:8:      minmay_curly_fans, layout_loops_ring, lemuel_tele_altar,
          amethyst_overflow_temple_binary, minivault_26, st_stairs_3,
          uniq_prince_ribbit1

Skill      XL: |  1  2  3  4  5  6  7  8  9 10 |
---------------+-------------------------------+-----
Fighting       | 4 5 6 7 9 |  9.1
Long Blades    | 3 4 5 6 7 8 |  8.0
Dodging        | 1 2 3 4 5 |  5.5
Armour         | 4 5 6 8 |  8.4
Shields        | |  3.4

Action                   |  1- 3 |  4- 6 |  7- 9 | 10-12 || total
-------------------------+-------+-------+-------+-------++-------
Melee: Long sword        |    95 |   429 |   430 |    35 ||   989
Throw: Dart              |       |       |       |     1 ||     1
Invok: Convert to Beogh  |       |       |     1 |       ||     1
Evoke: Wand              |       |       |     4 |     1 ||     5
  Use: Scroll            |       |    11 |     8 |       ||    19
       Potion            |       |     1 |       |     4 ||     5
Armor: Scale mail        |    66 |   103 |    54 |       ||   223
       Ice dragon scales |       |       |   196 |     9 ||   205
Dodge: Dodged            |    36 |    70 |   194 |    19 ||   319
Block: Kite shield       |    65 |   123 |   259 |    13 ||   460
       Rpst.: Long sword |     9 |    20 |    54 |     5 ||    88

Table legend: (Time is in decaauts)
 A = Elapsed time spent in this place.
 B = Non-inter-level travel time spent in this place.
 C = Inter-level travel time spent in this place.
 D = Time resting spent in this place.
 E = Time spent auto-exploring this place.
 F = Levels seen in this place.
 G = Mean time per level.
                   A        B        C        D        E       F      G
               +--------+--------+--------+--------+--------+-----+--------+
         Total |   8890 |   8550 |    340 |   1863 |   4271 |   9 |  987.8 |
       Dungeon |   8491 |   8151 |    340 |   1679 |   4271 |   8 | 1061.4 |
       Ossuary |    398 |    398 |      0 |    184 |      0 |   1 |  398.0 |
               +--------+--------+--------+--------+--------+-----+--------+

Top non-repeatable levels by time:
     D:7: 1490 daAuts
     D:5: 1309 daAuts
     D:3: 1299 daAuts
     D:6: 1211 daAuts
     D:2: 1053 daAuts
     D:1: 909 daAuts
     D:4: 888 daAuts
 Ossuary: 398 daAuts
     D:8: 329 daAuts
